 Dungeon Crawl Stone Soup version 0.18.1-5-g4a78601 (webtiles) character file.

8008 imganon the Severer (level 11, -3/117 HPs)
             Began as a Demonspawn Berserker on May 12, 2016.
             Was a High Priest of Trog.
             Slain by an orc warrior
             ... wielding a +0 battleaxe
              (26 damage)
             ... on level 10 of the Dungeon.
             The game lasted 00:15:37 (10315 turns).

imganon the Severer (Demonspawn Berserker)         Turns: 10315, Time: 00:15:38

Health: -3/117     AC: -2    Str: 26    XL:     11   Next: 4%
Magic:  11/11      EV:  7    Int:  9    God:    Trog [*****.]
Gold:   687        SH:  0    Dex: 12    Spells: 0 memorised, 10 levels left

rFire  + . .     SeeInvis .     u - +0 war axe
rCold  . . .     Gourm    .     k - +0 plate armour
rNeg   . . .     Faith    .     (no shield)
rPois  .         Spirit   .     (helmet restricted)
rElec  .         Dismiss  .     K - +0 cloak
rCorr  .         Reflect  .     (no gloves)
SustAt +         Harm     .     (no boots)
MR     .....                    (no amulet)
Stlth  ..........               c - ring of flight
                                l - ring of sustain attributes

@: berserking, corroded, very quick, not resistant to hostile enchantments,
extremely unstealthy
A: horns 1, rugged brown scales 2, fire resistance 1, spiny 1
a: Berserk, Trog's Hand, Brothers in Arms, Burn Spellbooks, Renounce Religion,
Evoke Flight


You were on level 10 of the Dungeon.
You worshipped Trog.
Trog was extremely pleased with you.
You were very hungry.

You visited 1 branch of the dungeon, and saw 10 of its levels.
You also visited: Ossuary.

You collected 792 gold pieces.
You spent 105 gold pieces at shops.

Inventory:

Hand Weapons
 a - a +0 hand axe
 u - a +0 war axe (weapon)
Armour
 k - a +0 plate armour (worn)
 K - a +0 cloak (worn)
Jewellery
 c - a ring of flight (right hand)
 l - a ring of sustain attributes (left hand)
 r - an uncursed ring of fire
 E - an uncursed ring of poison resistance {unknown}
 F - an uncursed amulet of harm {unknown}
Wands
 d - a wand of slowing (20/48)
 M - a wand of acid (2/15)
Scrolls
 j - 10 scrolls of identify
 p - 2 scrolls of random uselessness {unknown}
 q - 2 scrolls of immolation {unknown}
 s - 7 scrolls of teleportation
 t - 4 scrolls of remove curse
 y - 3 scrolls of enchant weapon {unknown}
 z - 3 scrolls of fog {unknown}
 A - 5 scrolls of enchant armour {unknown}
 G - 2 scrolls of fear {unknown}
 H - 2 scrolls of silence {unknown}
 I - a scroll of amnesia {unknown}
Potions
 e - 2 potions of ambrosia
 f - a potion of heal wounds {unknown}
 i - a potion of might {unknown}
 m - 2 potions of cure mutation {unknown}
 n - 2 potions of degeneration {unknown}
 o - a potion of beneficial mutation {unknown}
 w - a potion of flight {unknown}
 x - a potion of agility {unknown}
 B - 2 potions of haste {unknown}
 C - a potion of invisibility {unknown}
 D - 2 potions of cancellation {unknown}
 J - a potion of curing
Comestibles
 b - 2 royal jellies
 g - 7 meat rations
 h - 2 beef jerkies
 v - 11 bread rations
 L - 4 fruits


   Skills:
 - Level 3.0 Fighting
 + Level 15.1 Axes
 - Level 1.7 Armour
 - Level 1.7 Dodging


You had 10 spell levels left.
You didn't know any spells.

Dungeon Overview and Level Annotations

Branches:
Dungeon (10/15)            Temple (0/1) D:4            Lair (0/8) D:8
    Orc: D:9-12

Altars:
Cheibriados
Fedhas
Gozag
Kikubaaqudgha
Makhleb
Okawaru
Ru
Sif Muna
Trog
Vehumet
Xom

Shops:
D:5 **   D:9 %

Annotations:
D:4 Robin
D:7 1 exclusion
D:10 Joseph


Innate Abilities, Weirdness & Mutations

You have a pair of small horns on your head.
You are mostly covered in rugged brown scales (AC +2, +5% HP).
Your flesh is heat resistant.
You are partially covered in sharp spines.


Message History

Unknown command.
You are too injured to fight recklessly!
Unknown command.
A red film seems to cover your vision as you go berserk!
You feel yourself moving faster!
You feel mighty!
You are feeling very hungry.
You completely miss the orc warrior.
The orc warrior is lightly wounded.
The orc warrior hits you with a battleaxe.
* * * LOW HITPOINT WARNING * * *
You hit the orc warrior but do no damage.
Your headbutt misses the orc warrior.
The orc warrior is lightly wounded.
You slash the orc warrior!
The orc warrior is heavily wounded.
You slash the orc warrior!
The orc warrior is almost dead.
The orc warrior is struck by your spines.
The orc warrior hits you with a battleaxe!!
You die...

###### ......######
...........# ...........# ###
......oo...# ..# ###+####@...#
..# #.....#.....# ..#
#.....#.....# ..# #.....#.....#
..# #.....#.....#
..#####+#.#...###.###### ...#
......#...#.............#....>#
......#...#.............#.....#
......#...#.............#.....#


You could see an orc warrior and an orc wizard.

Vanquished Creatures
  An unseen horror (D:10)
  Pikel (D:7)
  A troll (D:10)
  Prince Ribbit (D:6)
  The ghost of Mefis the Magician, an amateur HuWz (Ossuary)
  A spriggan (D:7)
  Eustachio (D:6)
  2 humans (D:7)
  Edmund (D:6)
  Duvessa (D:5)
  An orc warrior (D:7)
  8 black bears
  3 slaves (D:7)
  A necrophage (D:6)
  2 phantoms (D:5)
  4 sky beasts
  3 ice beasts
  8 ogres
  5 centaurs
  A gnoll sergeant (D:10)
  A wyvern zombie (D:10)
  A giant frog (D:7)
  Dowan (D:5)
  5 scorpions
  11 killer bees (D:10)
  5 howler monkeys
  A jelly (D:10)
  4 crimson imps
  9 orc wizards
  A human zombie (Ossuary)
  A giant frog skeleton (D:7)
  2 gnoll shamans
  6 hounds
  4 orc priests
  2 centaur skeletons
  3 iguanas
  4 worker ants
  A killer bee zombie (D:5)
  2 big kobold zombies (Ossuary)
  A hound zombie (Ossuary)
  4 mummies (Ossuary)
  A worker ant zombie (D:7)
  11 adders
  25 gnolls
  A howler monkey skeleton (D:9)
  2 shadow imps
  An ooze (D:3)
  3 adder skeletons
  3 adder zombies
  2 worms
  A dart slug (D:4)
  6 giant geckos
  34 orcs
  4 giant cockroaches
  A gnoll zombie (Ossuary)
  6 goblins
  2 hobgoblins (D:1)
  23 jackals
  11 kobolds
  3 quokkas
  A ball python (D:2)
  6 bats
  A giant gecko skeleton (D:5)
  A giant gecko zombie (D:5)
  7 giant newts
  A goblin zombie (Ossuary)
  A hobgoblin zombie (Ossuary)
  A jackal zombie (Ossuary)
  A kobold zombie (Ossuary)
  6 rats
  A rat zombie (Ossuary)
  A fungus (D:8)
284 creatures vanquished.

Vanquished Creatures (others)
  2 ogres (D:4)
  A howler monkey (D:4)
  An orc priest (D:7)
  A worker ant (D:4)
  A dart slug (D:4)
  3 orcs
  A giant gecko skeleton (D:4)
10 creatures vanquished.

Grand Total: 294 creatures vanquished

Notes
Turn   | Place    | Note
--------------------------------------------------------------
     0 | D:1      | imganon the Demonspawn Berserker began the quest for the Orb.
     0 | D:1      | Reached XP level 1. HP: 18/18 MP: 1/1
    90 | D:1      | Reached skill level 3 in Axes
   279 | D:1      | Gained mutation: You are partially covered in rugged brown scales (AC +1, +3% HP). [demonic ancestry]
   279 | D:1      | Reached XP level 2. HP: 12/24 MP: 2/2
  1011 | D:2      | Reached XP level 3. HP: 25/29 MP: 3/3
  1028 | D:2      | Reached ** piety under Trog
  1123 | D:2      | Found a sacrificial altar of Ru.
  1375 | D:2      | Reached skill level 4 in Axes
  1810 | D:2      | Reached XP level 4. HP: 36/36 MP: 4/4
  1863 | D:3      | Found an ancient bone altar of Kikubaaqudgha.
  2004 | D:3      | Reached skill level 5 in Axes
  2088 | D:3      | Gained mutation: You are mostly covered in rugged brown scales (AC +2, +5% HP). [demonic ancestry]
  2088 | D:3      | Reached XP level 5. HP: 25/43 MP: 5/5
  2529 | D:3      | Found a snail-covered altar of Cheibriados.
  2606 | D:4      | Killed an ogre
  2608 | D:4      | Killed an ogre
  2648 | D:4      | Reached skill level 6 in Axes
  2693 | D:4      | Reached *** piety under Trog
  2978 | D:4      | Noticed an ogre
  2984 | D:4      | Killed an ogre
  2984 | D:4      | Gained mutation: You are partially covered in sharp spines. [demonic ancestry]
  2984 | D:4      | Reached XP level 6. HP: 49/49 MP: 6/6
  3015 | D:4      | Found a staircase to the Ecumenical Temple.
  3070 | D:4      | Found a shimmering altar of Xom.
  3140 | D:4      | Reached skill level 7 in Axes
  3217 | D:4      | Found a blossoming altar of Fedhas.
  3400 | D:4      | Found an opulent altar of Gozag.
  3402 | D:4      | Noticed Robin
  3403 | D:4      | Found a radiant altar of Vehumet.
  3405 | D:4      | Found a deep blue altar of Sif Muna.
  3593 | D:5      | Entered Level 5 of the Dungeon
  3597 | D:5      | Reached XP level 7. HP: 50/54 MP: 7/7
  3609 | D:5      | Noticed Dowan
  3741 | D:5      | Noticed Duvessa
  3749 | D:5      | Killed Dowan
  3749 | D:5      | Reached skill level 8 in Axes
  3750 | D:5      | Killed Duvessa
  3909 | D:5      | Reached **** piety under Trog
  3927 | D:5      | Gained mutation: Your flesh is heat resistant. [demonic ancestry]
  3927 | D:5      | Reached XP level 8. HP: 51/60 MP: 8/8
  4037 | D:5      | Reached skill level 9 in Axes
  4161 | D:5      | Found Inap's General Store.
  4178 | D:5      | Bought a scroll of teleportation for 45 gold pieces
  4198 | D:5      | Found Cazunime's General Store.
  4206 | D:5      | Bought a potion of lignification for 33 gold pieces
  4206 | D:5      | Bought a potion of mutation for 27 gold pieces
  4219 | D:5      | Reached skill level 10 in Axes
  4732 | D:6      | Found a sand-covered staircase.
  4737 | Ossuary  | Entered an ossuary
  4741 | Ossuary  | Noticed Mefis's ghost (amateur HuWz)
  4758 | Ossuary  | Killed Mefis's ghost
  5153 | D:6      | Noticed Edmund
  5159 | D:6      | Killed Edmund
  5162 | D:6      | Noticed Prince Ribbit
  5166 | D:6      | Noticed Eustachio
  5170 | D:6      | Reached skill level 11 in Axes
  5170 | D:6      | Gained mutation: You have a pair of small horns on your head. [demonic ancestry]
  5170 | D:6      | Reached XP level 9. HP: 66/66 MP: 9/9
  5176 | D:6      | Killed Prince Ribbit
  5204 | D:6      | Killed Eustachio
  5716 | D:7      | Found an iron altar of Okawaru.
  5730 | D:7      | Reached skill level 12 in Axes
  5780 | D:7      | Reached ***** piety under Trog
  6342 | D:7      | Noticed Pikel
  6354 | D:7      | Killed Pikel
  6354 | D:7      | Reached skill level 13 in Axes
  6354 | D:7      | Reached XP level 10. HP: 46/73 MP: 10/10
  7609 | D:8      | Found a staircase to the Lair.
  7621 | D:8      | Received a gift from Trog
  7781 | D:8      | Found a bloodstained altar of Trog.
  8067 | D:8      | Found a burning altar of Makhleb.
  8236 | D:9      | Found Lifukh's Food Shoppe.
  8239 | D:9      | Reached skill level 14 in Axes
  8961 | D:10     | Entered Level 10 of the Dungeon
  9014 | D:10     | Killed an unseen horror
  9273 | D:10     | Noticed Joseph
  9926 | D:10     | Reached skill level 15 in Axes
  9926 | D:10     | Reached XP level 11. HP: 67/78 MP: 11/11
 10315 | D:10     | Slain by an orc warrior

Skill      XL: |  1  2  3  4  5  6  7  8  9 10 |
---------------+-------------------------------+-----
Axes           | 3 4 5 6 7 8 11 13 15 | 15.1
Fighting       | |  3.0
Armour         | |  1.7
Dodging        | |  1.7

Action                   |  1- 3 |  4- 6 |  7- 9 | 10-12 || total
-------------------------+-------+-------+-------+-------++-------
Melee: Hand axe          |   129 |    46 |       |       ||   175
       War axe           |       |   101 |   267 |   235 ||   603
       Headbutt          |       |       |    23 |    52 ||    75
Invok: Berserk           |     2 |     1 |     4 |     2 ||     9
       Burn Spellbooks   |       |       |       |     1 ||     1
  Use: Scroll            |       |     5 |       |       ||     5
  Eat: Chunk             |     3 |     4 |     5 |    12 ||    24
       Bread ration      |       |     1 |     1 |       ||     2
       Fruit             |       |       |     4 |       ||     4
       Beef jerky        |       |       |       |     1 ||     1
Armor: Animal skin       |    16 |       |       |       ||    16
       Plate armour      |    65 |   102 |   173 |   148 ||   488
Dodge: Dodged            |    78 |    26 |    89 |    54 ||   247
